 Dungeon Crawl Stone Soup version 0.17-a0-2098-gf59d6bc (webtiles) character file.

35 septik the Magician (level 3, -1/24 HPs)
             Began as a Mummy Wizard on Oct 17, 2015.
             Slain by Terence
             ... wielding a +0 mace
              (5 damage)
             ... on level 2 of the Dungeon.
             The game lasted 00:07:18 (2337 turns).

septik the Magician (Mummy Wizard)                  Turns: 2337, Time: 00:07:18

Health: -1/24      AC:  2    Str: 10    XL:     3   Next: 16%
Magic:  1/8        EV: 12    Int: 18    God:
Gold:   90         SH:  0    Dex: 10    Spells: 2 memorised, 6 levels left

rFire  . . .     SeeInvis .     e - +0 dagger
rCold  + . .     Clarity  .     a - +0 robe
rNeg   + + +     SustAt   .     (no shield)
rPois  ∞         Gourm    .     b - +0 hat
rElec  .         Spirit   .     (no cloak)
rCorr  .         Warding  .     (no gloves)
rMut   .         Stasis   .     (no boots)
MR     .....                    (no amulet)
Stlth  ++........               (no ring)
                                d - ring of protection from fire

@: not resistant to hostile enchantments, unstealthy
A: no food or potions, fire vulnerability, cold resistance 1, negative energy
resistance 3, torment resistance, unbreathing
a: no special abilities


You were on level 2 of the Dungeon.
You were not hungry.

You visited 1 branch of the dungeon, and saw 2 of its levels.

You collected 90 gold pieces.

Inventory:

Hand Weapons
 e - a +0 dagger (weapon)
 h - a -3 dagger
Armour
 a - a +0 robe (worn)
 b - a +0 hat (worn)
Jewellery
 d - a ring of protection from fire (left hand)
Scrolls
 f - 2 scrolls of identify
 g - a scroll of blinking {unknown}
 i - a scroll of enchant armour {unknown}
Books
 c - a book of Minor Magic

   Spells                             Type                      Level
   a - Magic Dart                     Conjuration                  1
   b - Blink                          Translocation                2
   c - Call Imp                       Summoning                    2
   d - Repel Missiles                 Charms/Air                   2
   e - Slow                           Hexes                        2
   f - Conjure Flame                  Conjuration/Fire             3
   g - Mephitic Cloud                 Conjuration/Poison/Air       3


   Skills:
 - Level 1.7 Dodging
 - Level 1.6 Stealth
 + Level 3.6 Spellcasting
 - Level 0.7 Conjurations
 * Level 1.5 Summonings
   Level 0.7 Translocations


You had 6 spell levels left.
You knew the following spells:

 Your Spells              Type           Power        Failure   Level  Hunger
a - Magic Dart            Conj           #...         12%         1    N/A
b - Call Imp              Summ           #.......     14%         2    N/A

Dungeon Overview and Level Annotations

Branches:
Dungeon (2/15)

Altars:
Elyvilon
Nemelex Xobeh

Annotations:
D:2 Terence


Innate Abilities, Weirdness & Mutations

You do not eat or drink.
Your flesh is vulnerable to fire.
You are immune to poison.
Your flesh is cold resistant.
You are immune to negative energy.
You are immune to unholy pain and torment.
You can survive without breathing.


Message History

Confirm with . or Enter, or press ? or * to list all spells.
A beastly little devil appears in a puff of flame.
Terence bares his teeth.
Terence hits you with a mace.
Your crimson imp hits Terence.
Terence hits you but does no damage.
Your crimson imp hits Terence but does no damage.
Your crimson imp closely misses Terence.
Your crimson imp barely misses Terence.
Your crimson imp blinks!
Your crimson imp hits Terence but does no damage.
You see here a club.
Terence hits you with a mace.
* * * LOW HITPOINT WARNING * * *
Your crimson imp completely misses Terence.
Your crimson imp hits Terence.
Your crimson imp hits Terence but does no damage.
Your crimson imp hits Terence.
Terence hits you with a mace.
You die...

#.......#####....(#...#.>#
##....### #####..##...###
##.### ##..##.....
#....#############....####
#.##..........!# ###...###
#.###.÷........#####......
..# #....5.)<).##...)#####
###.##
#....5@....##.####....
#...
#....@........###..###
#..#
###.#######.####..#...
#..######..# #.####.#..##
#.5.....## ####.##.._..##
#####5#######
#....#..#.### #.....#
#....[.##..# #.....#
#.........## #.5.5.#
......######## #..).5###.#
#...##


You could see Terence and 2 friendly crimson imps.

Vanquished Creatures
  A ball python (D:1)
  2 bats (D:1)
  2 giant cockroaches (D:1)
  4 goblins
  2 hobgoblins
  A kobold (D:1)
  A giant newt (D:1)
  2 rats (D:1)
15 creatures vanquished.

Vanquished Creatures (collateral kills)
  An adder (D:2)
  A giant cockroach (D:2)
  4 goblins (D:1)
  2 hobgoblins
  4 ball pythons (D:1)
  A bat (D:1)
  A giant newt (D:1)
  3 jackals (D:2)
  2 kobolds (D:1)
  3 rats
22 creatures vanquished.

Grand Total: 37 creatures vanquished

Notes
Turn   | Place    | Note
--------------------------------------------------------------
     0 | D:1      | septik the Mummy Wizard began the quest for the Orb.
     0 | D:1      | Reached XP level 1. HP: 13/13 MP: 4/4
   183 | D:1      | Reached XP level 2. HP: 19/19 MP: 0/6
   238 | D:1      | Learned a level 2 spell: Call Imp
   528 | D:1      | Reached skill level 1 in Summonings
  1824 | D:2      | Found a white marble altar of Elyvilon.
  1840 | D:2      | Reached XP level 3. HP: 22/24 MP: 1/8
  2020 | D:2      | Found a sparkling altar of Nemelex Xobeh.
  2304 | D:2      | Noticed Terence
  2337 | D:2      | Slain by Terence

Vault maps used:
D:1:      erik_arrival_blinker_ship, st_stairs_3, minmay_shallow_snake_nest
D:2:      lemuel_blue_sif_altar, nicolae_overflow_crystal_walls,
          lemuel_crystal_altar, minmay_overflow_temple_star_quad, uniq_terence

Action                   || total
-------------------------++-------
Melee: Dagger            ||    42
 Cast: Magic Dart        ||    16
       Call Imp          ||    41
  Use: Scroll            ||     2
